 Dungeon Crawl Stone Soup version 0.14.0-9-g9c5475a (webtiles) character file.

4684 RogerD the Grappler (level 10, -6/86 HPs)
             Began as a Hill Orc Monk on Apr 14, 2014.
             Was a Believer of Trog.
             Mangled by a killer bee (7 damage)
             ... on Level 10 of the Dungeon on Apr 15, 2014.
             The game lasted 02:48:55 (11771 turns).

RogerD the Grappler (Hill Orc Monk)                Turns: 11771, Time: 02:48:55

HP  -6/86        AC  7     Str 18      XL: 10   Next: 32%
MP  13/13        EV 17     Int 10      God: Trog [**....]
Gold 396         SH  0     Dex 15      Spells:  0 memorised,  9 levels left

rFire  + . .     SeeInvis .       - Unarmed
rCold  + . .     Clarity  .     U - +0 robe {rC+ rF+}
rNeg   + . .     Conserve .     (no shield)
rPois  .         rCorr    .     (no helmet)
rElec  .         rRot     .     r - +0 cloak
SustAb . .       Spirit   .     (no gloves)
rMut   .         Warding  +     (no boots)
Saprov + . .     Stasis   .     o - amulet of warding
MR     .....                    p - +2 ring of dexterity
                                h - +4 ring of protection

@: lethally poisoned, not resistant to hostile enchantments, stealthy
A: saprovore 1
a: Burn Spellbooks, Berserk, Trog's Hand, Renounce Religion


You were on level 10 of the Dungeon.
You worshipped Trog.
Trog was pleased with you.
You were not hungry.

You visited 2 branches of the dungeon, and saw 11 of its levels.

You collected 396 gold pieces.

Inventory:

Hand weapons
 e - a +0,+1 sling
Missiles
 i - 16 darts (quivered)
 N - 12 stones
Armour
 r - a +0 cloak (worn)
 U - a +0 robe of resistance (worn)
Magical devices
 a - a wand of teleportation (3) {unknown}
 f - a wand of digging (10)
 G - a wand of enslavement (8)
 H - a wand of slowing (0)
 J - a wand of draining (0)
 Q - a wand of lightning (0)
Comestibles
 b - 5 meat rations
 d - a bread ration
 g - an apple
 k - an orange
 z - 4 chunks of orc flesh
 A - 8 grapes
 K - a choko
 R - an apricot
Scrolls
 n - 2 scrolls of random uselessness {unknown}
 s - a scroll of fog {unknown}
 w - a scroll of enchant weapon II
 x - 2 scrolls of magic mapping {unknown}
 C - 2 scrolls of enchant armour {unknown}
 D - a scroll of identify
 E - 2 scrolls of noise
 I - a scroll of recharging {unknown}
 M - a scroll of enchant weapon I {unknown}
 V - a scroll of teleportation {unknown}
Jewellery
 c - an uncursed amulet of conservation
 h - a +4 ring of protection (left hand)
 o - an amulet of warding (around neck)
 p - a +2 ring of dexterity (right hand)
 y - an uncursed ring of sustenance
 O - an uncursed ring of sustenance
 S - an uncursed amulet of guardian spirit {unknown}
 Y - the ring "Lutuip" {Wiz Str-3 Dex+2, unknown}
   (You found it on level 8 of the Dungeon)

   [ring of wizardry]

   It affects your strength (-3).
   It affects your dexterity (+2).
Potions
 j - a potion of heal wounds {unknown}
 l - a potion of invisibility {unknown}
 m - a potion of curing
 q - a potion of poison {unknown}
 t - a potion of haste {unknown}
 u - a potion of mutation {unknown}
 v - a potion of restore abilities
 B - a potion of confusion {unknown}
 F - a potion of brilliance {unknown}
 L - a potion of lignification {unknown}
 T - a potion of might {unknown}


   Skills:
 * Level 7.1 Fighting
 + Level 6.4 Throwing
 + Level 8.1 Dodging
 + Level 3.4 Stealth
 + Level 8.8 Unarmed Combat
 - Level 2.1 Evocations


You had 9 spell levels left.
You didn't know any spells.

Dungeon Overview and Level Annotations

Branches:
Dungeon (10/15)            Temple (1/1) D:4             Orc (0/4) D:9
   Lair: D:8-11

Altars:
Ashenzari
Cheibriados
Dithmenos
Elyvilon
Fedhas
Kikubaaqudgha
Makhleb
Okawaru
Sif Muna
Trog
Vehumet
Xom
Yredelemnul
Zin

Annotations:
D:6 kleedrac's ghost, experienced MiBe


Innate Abilities, Weirdness & Mutations

You can tolerate rotten meat.


Message History

A bat, an adder and 3 slime creatures come into view.
You feel sick.
Found a stone staircase leading up.
There is a stone staircase leading up here.
The killer bee stings you.
* * * LOW HITPOINT WARNING * * *
You are lethally poisoned!
The killer bee poisons you!
The slime creature quivers.
* * * LOW HITPOINT WARNING * * *
You feel sick. The killer bee closely misses you.
The slime creature completely misses you.
* * * LOW HITPOINT WARNING * * *
You feel sick.
The slime creature quivers.
The killer bee stings you but does no damage.
The rat closely misses you.
* * * LOW HITPOINT WARNING * * *
You feel sick. The killer bee stings you!
You die...

.. #############...
..................
..........J........
...................
..........b.........
...S....J.r..........
.........J.k@..<.....
....................
...................
...................
##################


You could see 3 slime creatures, a killer bee, a bat (sleeping) and a rat.

Vanquished Creatures
  Psyche (D:8)
  A hippogriff (D:8)
  A hungry ghost (D:9)
  A necrophage (D:7)
  A troll (D:8)
  A water moccasin (D:6)
  An ice beast (D:8)
  2 sky beasts
  An orc warrior (D:8)
  The ghost of merphle the Ogre Mage, an average OgWz (D:3)
  A black bear (D:9)
  3 ogres
  A centaur (D:7)
  A phantom (D:5)
  Sigmund (D:4)
  Duvessa (D:8)
  7 giant frogs
  A hippogriff zombie (D:7)
  5 killer bees
  A quasit (D:8)
  3 crimson imps
  5 hounds
  Dowan (D:7)
  2 iguanas
  A goliath beetle (D:8)
  7 orc priests
  4 jellies
  10 orc wizards
  5 worker ants
  Ijyb (D:4)
  A sky beast zombie (D:5)
  15 adders
  3 gnolls (D:6)
  A shadow imp (D:6)
  A giant mite (D:4)
  2 worms
  4 giant eyeballs
  2 giant geckos
  An ooze (D:3)
  45 orcs
  13 bats
  9 giant cockroaches
  11 goblins
  15 hobgoblins
  11 jackals
  12 kobolds
  6 quokkas
  4 ball pythons
  A giant gecko zombie (D:8)
  12 giant newts
  A giant newt skeleton (D:5)
  A giant spore (D:8)
  2 hobgoblin zombies (D:6)
  A jackal skeleton (D:4)
  An orc zombie (D:7)
  11 rats
  2 rat zombies
  5 ballistomycetes (D:8)
265 creatures vanquished.

Vanquished Creatures (collateral kills)
  A sky beast zombie (D:8)
1 creature vanquished.

Vanquished Creatures (others)
  A human (D:5)
  A giant spore (D:8)
2 creatures vanquished.

Grand Total: 268 creatures vanquished

Notes
Turn   | Place    | Note
--------------------------------------------------------------
     0 | D:1      | RogerD, the Hill Orc Monk, began the quest for the Orb.
     0 | D:1      | Reached XP level 1. HP: 19/19 MP: 1/1
   447 | D:1      | Reached XP level 2. HP: 27/27 MP: 2/2
   947 | D:2      | Reached XP level 3. HP: 33/33 MP: 3/3
   963 | D:2      | Reached skill level 5 in Unarmed Combat
  1441 | D:2      | Reached XP level 4. HP: 40/40 MP: 4/4
  1761 | D:3      | Noticed merphle's ghost (average OgWz)
  1796 | D:3      | Killed merphle's ghost
  1796 | D:3      | Reached skill level 1 in Throwing
  1796 | D:3      | Reached XP level 5. HP: 12/47 MP: 5/5
  1817 | D:3      | Noticed an ogre
  2045 | D:3      | Killed an ogre
  2045 | D:3      | Reached XP level 6. HP: 39/53 MP: 6/6
  3259 | D:3      | Noticed a sky beast
  3341 | D:2      | Killed a sky beast
  3341 | D:2      | Reached skill level 6 in Unarmed Combat
  3341 | D:2      | Reached XP level 7. HP: 38/60 MP: 7/7
  3485 | D:4      | Found a staircase to the Ecumenical Temple.
  3521 | Temple   | Entered the Ecumenical Temple
  3764 | D:4      | Noticed Ijyb
  3780 | D:4      | Killed Ijyb
  3873 | D:4      | Noticed Sigmund
  4234 | D:4      | Reached skill level 5 in Fighting
  4234 | D:4      | Reached XP level 8. HP: 21/68 MP: 9/9
  4944 | D:4      | Killed Sigmund
  4944 | D:4      | Reached skill level 1 in Evocations
  5127 | D:5      | Entered Level 5 of the Dungeon
  5362 | D:5      | Reached skill level 5 in Dodging
  5569 | D:5      | Reached skill level 7 in Unarmed Combat
  5844 | D:5      | Found an ancient bone altar of Kikubaaqudgha.
  6138 | D:6      | Reached skill level 5 in Throwing
  6439 | D:6      | Found a snail-covered altar of Cheibriados.
  6439 | D:6      | Found a deep blue altar of Sif Muna.
  6705 | D:6      | Noticed kleedrac's ghost (experienced MiBe)
  6721 | D:6      | Reached XP level 9. HP: 40/75 MP: 11/11
  8394 | D:7      | Paralysed by a giant eyeball for 4 turns
  8733 | D:7      | Reached skill level 8 in Unarmed Combat
  9457 | D:8      | Noticed Dowan
  9460 | D:8      | Noticed Duvessa
  9512 | D:7      | Killed Dowan
  9634 | D:8      | Killed Duvessa
 10384 | Temple   | Became a worshipper of Trog the Wrathful
 10384 | Temple   | Acquired Trog's first power
 10384 | Temple   | Acquired Trog's second power
 10890 | D:8      | Noticed Psyche
 10998 | D:8      | Killed Psyche
 10998 | D:8      | Reached XP level 10. HP: 75/84 MP: 12/12
 11230 | D:8      | Got a glittering silver ring
 11693 | D:9      | Found a staircase to the Orcish Mines.
 11728 | D:9      | Found a burning altar of Makhleb.
 11758 | D:9      | HP: 2/86 [orc wizard/magic dart (7)]
 11767 | D:10     | Entered Level 10 of the Dungeon
 11768 | D:10     | HP: 4/86 [killer bee (5)]
 11771 | D:10     | HP: 1/86 [poisoned by a killer bee]
 11771 | D:10     | Mangled by a killer bee

Action                   |  1- 3 |  4- 6 |  7- 9 | 10-12 || total
-------------------------+-------+-------+-------+-------++-------
Melee: Unarmed           |   116 |   205 |   658 |   127 ||  1106
 Fire: Sling             |       |       |     4 |       ||     4
Throw: Dart              |     3 |    97 |   108 |    14 ||   222
       Tomahawk          |       |       |    75 |    19 ||    94
Invok: Trog's Hand       |       |       |     1 |       ||     1
Evoke: Wand              |       |     2 |    25 |     9 ||    36
  Use: Scroll            |       |     3 |     6 |     2 ||    11
       Potion            |       |     1 |     4 |     3 ||     8
 Stab: Sleeping          |     4 |       |     3 |       ||     7
